 Dungeon Crawl Stone Soup version 0.14-a0-3445-g2afddda (webtiles) character file.

138 MrRokkomies the Ruinous (level 3, -1/21 HPs)
             Began as an Octopode Conjurer on Mar 23, 2014.
             Slain by a giant gecko (2 damage)
             ... on Level 3 of the Dungeon.
             The game lasted 00:05:51 (2594 turns).

MrRokkomies the Ruinous (Octopode Conjurer)         Turns: 2594, Time: 00:05:51

HP  -1/21        AC  1     Str  8      XL: 3   Next: 70%
MP   6/6         EV 12     Int 17      God:
Gold 91          SH  0     Dex 12      Spells:  3 memorised,  0 levels left

rFire  . . .     SeeInvis .     i - +0 dagger
rCold  . . .     Clarity  .     (no shield)
rNeg   . . .     Conserve .     (helmet restricted)
rPois  .         rCorr    .     (no amulet)
rElec  .         rRot     .     (no ring)
SustAb . .       Spirit   .     (no ring)
rMut   .         Warding  .     (no ring)
Saprov . . .     Stasis   .     (no ring)
MR     .....                    (no ring)
                                (no ring)
                                (no ring)
                                (no ring)

@: lethally poisoned, not resistant to hostile enchantments, quite stealthy
A: almost no armour, amphibious, 8 rings, constrict 8, camouflage 1, spit poison
1, gelatinous body 1
a: Spit Poison


You were on level 3 of the Dungeon.
You were very hungry.

You visited 1 branch of the dungeon, and saw 3 of its levels.

You collected 91 gold pieces.

Inventory:

Hand weapons
 h - a +0 blowgun
 i - a +0,+0 dagger (weapon)
Missiles
 e - 26 sling bullets
 k - 20 silver bolts
 l - 14 poisoned needles
 m - 3 poisoned darts (quivered)
Comestibles
 b - 4 bread rations
 f - 3 meat rations
Potions
 d - a potion of brilliance {unknown}
 g - a potion of curing
 j - a potion of restore abilities
 p - a potion of might
 q - a potion of haste {unknown}
 r - a potion of paralysis {unknown}
Books
 a - a book of Maledictions

   Spells                             Type                      Level
   Corona                             Hexes                        1
   Sure Blade                         Hexes/Charms                 2
   Ensorcelled Hibernation            Hexes/Ice                    2
   Confuse                            Hexes                        3
   Enslavement                        Hexes                        4
   Invisibility                       Hexes                        6
 c - a book of Conjurations

   Spells                             Type                      Level
   *Magic Dart                        Conjuration                  1
   *Searing Ray                       Conjuration                  2
   *Dazzling Spray                    Conjuration/Hexes            3
   Fulminant Prism                    Conjuration/Hexes            4
   Iskenderun's Mystic Blast          Conjuration                  4
   Iskenderun's Battlesphere          Conjuration/Charms           5


   Skills:
 * Level 2.4 Dodging
 - Level 2.6 Stealth
 - Level 2.0 Spellcasting
 + Level 5.0 Conjurations


You couldn't memorise any spells.
You knew the following spells:

 Your Spells              Type           Power        Failure   Level  Hunger
a - Magic Dart            Conj           ###.         2%          1    #......
b - Searing Ray           Conj           ###...       3%          2    ###....
c - Dazzling Spray        Conj/Hex       ##......     21%         3    ####...


Dungeon Overview and Level Annotations

Branches:
Dungeon (3/15)

Altars:

Annotations:
D:3 schwarznadel's ghost, average FoFi


Innate Abilities, Weirdness & Mutations

You cannot wear most types of armour.
You are amphibious.
You can wear up to eight rings at the same time.
You can use your tentacles to constrict many enemies at once.
Your skin changes colour to match your surroundings (Stlth).
Your rubbery body absorbs attacks (AC +1).
You can spit poison.


Message History

m - 3 poisoned darts You feel sick.
You feel sick.
You see here a poisoned dart.
You miss the giant gecko. Your grab misses the giant gecko.
The giant gecko bites you. x2
You hit the giant gecko. Your grab misses the giant gecko.
The giant gecko is moderately wounded.
The giant gecko bites you.
You barely miss the giant gecko. Your grab misses the giant gecko.
The giant gecko is moderately wounded.
The giant gecko misses you.
You barely miss the giant gecko. Your grab misses the giant gecko.
The giant gecko is moderately wounded.
You feel sick. The giant gecko bites you.
* * * LOW HITPOINT WARNING * * *
You hit the giant gecko. Your grab misses the giant gecko.
The giant gecko is heavily wounded.
The giant gecko bites you.
You die...

*,* ********
**,*****,,,,,,*
*,,,,,,,,****,*
**,****,,* *,*
#########,,****,**
#>........,,,,,,<,
#.#**,***,,****,,,
######.###.###.,*
**,*
#.....@........ *
*,*
#.###.l###.####,*
*,* #......# *,
*,*****,*
#######..# *,*
*,,,,,,,,
#........###.#
*********
#.##.........#
#<.......#####
#.##..#..#
#.###.#).#


You could see a giant gecko.

Vanquished Creatures
  A worm (D:2)
  A giant gecko (D:2)
  4 bats
  4 giant cockroaches
  5 hobgoblins
  2 jackals (D:1)
  A ball python (D:2)
  A giant newt (D:1)
  12 goblins
  6 kobolds
  3 rats
40 creatures vanquished.

Notes
Turn   | Place    | Note
--------------------------------------------------------------
     0 | D:1      | MrRokkomies, the Octopode Conjurer, began the quest for the Orb.
     0 | D:1      | Reached XP level 1. HP: 11/11 MP: 3/3
   531 | D:1      | Reached XP level 2. HP: 15/17 MP: 0/4
   535 | D:1      | Learned a level 2 spell: Searing Ray
  1657 | D:2      | Reached XP level 3. HP: 14/21 MP: 6/6
  1873 | D:2      | Learned a level 3 spell: Dazzling Spray
  2346 | D:2      | Reached skill level 5 in Conjurations
  2468 | D:3      | Gained mutation: You can spit poison. [potion of beneficial mutation]
  2478 | D:3      | Noticed schwarznadel's ghost (average FoFi)
  2593 | D:3      | HP: 1/21 [giant gecko (5)]
  2594 | D:3      | Slain by a giant gecko

Action                   || total
-------------------------++-------
Melee: Unarmed           ||    24
       Dagger            ||    68
 Cast: Magic Dart        ||    31
  Use: Scroll            ||     7
       Potion            ||     1
 Stab: Sleeping          ||     6
